Cogmind - Beta 13 @@@ ROGUE MODE // 2024.04.13 @ 22:03:43 Player: Mister Redpill Result: Destroyed by D-53 Grenadier with Mini Grenade Launcher Performance ------------- Evolutions (0) 0 Regions Visited (2) 400 Robots Destroyed (16) 80 Value Destroyed (361) 361 Prototype IDs (1) 20 Alien Tech Used (0) 0 Bonus (0) 0 TOTAL SCORE: 861 Bonus ------- None Cogmind --------- Core Integrity 0/250 Matter 233/300 Energy 249/250 System Corruption 0% Temperature Cool (72) Movement Flying (37) Location -10/Mines Parts ------- > --- POWER (1) -------- Ion Engine > --- PROPULSION (2) --- Improved Flight Unit Improved Flight Unit > --- UTILITY (2) ------ Sensor Array Hacking Suite > --- WEAPON (2) ------- Heavy Assault Rifle > --- INVENTORY (5) ---- Flight Unit Flight Unit Improved Flight Unit ECM Suite Peak State ------------ > --- POWER ------------ Ion Engine > --- PROPULSION ------- Improved Flight Unit Improved Flight Unit > --- UTILITY ---------- Sensor Array Hacking Suite > --- WEAPON ----------- Heavy Assault Rifle Bore Cannon > --- INVENTORY -------- Flight Unit Flight Unit Improved Flight Unit ECM Suite [Rating: 18] Favorites ----------- Power Ion Engine Engine Ion Engine Propulsion Improved Flight Unit Wheel Wheel Flight Unit Improved Flight Unit Utility Sensor Array Device Sensor Array Processor Signal Interpreter Hackware Hacking Suite Weapon Heavy EM Pulse Gun Energy Gun Heavy EM Pulse Gun Ballistic Gun Heavy Assault Rifle Ballistic Cannon Bore Cannon Build | -11 -10 -10 ------- Run | Yrd Mat Min Slots Evolved . | . . . Power . | . . . Propulsion . | . . . Utility . | . . . Weapon . | . . . Parts Attached 24 | 6 14 4 Power 3 | 2 1 . Engine 3 | 2 1 . Core . | . . . Reactor . | . . . Propulsion 4 | 2 2 . Treads . | . . . Leg . | . . . Wheel 2 | 2 . . Hover . | . . . Flight 2 | . 2 . Utility 8 | . 8 . Device 5 | . 5 . Storage . | . . . Processor 2 | . 2 . Hackware 1 | . 1 . Protection . | . . . Artifact . | . . . Weapon 9 | 2 3 4 Energy Gun 4 | 2 2 . Energy Cannon . | . . . Ballistic Gun 3 | . 1 2 Ballistic Cannon 2 | . . 2 Launcher . | . . . Special Weapon . | . . . Impact Weapon . | . . . Slashing Weapon . | . . . Piercing Weapon . | . . . Special Melee Weapon . | . . . Unidentified Prototypes 1 | . 1 . Parts Lost 3 | . 1 2 Power . | . . . Propulsion . | . . . Utility 1 | . 1 . Weapon 2 | . . 2 Highest Loss Streak 1 | . 1 1 To Critical Strikes . | . . . Average Slot Usage (%) 82 | . 81 85 Engine 13 | . 13 14 Flight 27 | . 26 28 Device 15 | . 15 14 Processor 5 | . 7 . Hackware 5 | . 2 14 Energy Gun 12 | . 12 10 Ballistic Gun 1 | . 1 3 Naked Turns . | . . . Heaviest Build 10 | 9 10 9 Greatest Support 20 | 20 20 10 Greatest Overweight (x) 1 | . 1 . Average Overweight (x) . | . . . Largest Inventory Capacity 5 | 5 5 5 Average Capacity 5 | 5 5 5 Most Carried 5 | 2 5 5 Average Carried 4 | . 4 4 Final Capacity 5 | 5 5 5 Final Carried 5 | . 5 4 Class Distribution -------------------- 100% | Mutant Dominant Class ---------------- Mutant | -10/Materials Mutant | -10/Mines Resources | -11 -10 -10 ----------- Run | Yrd Mat Min Matter Collected 443 | 156 236 51 Remotely . | . . . Salvage Created 557 | 67 464 26 Parts 36 | 2 34 . Haulers Intercepted 1 | . 1 . Recyclers Shooed . | . . . Parts Field Recycled . | . . . Retrieved Matter . | . . . Parts Self-Destructed . | . . . Prevented . | . . . Kills | -11 -10 -10 ------- Run | Yrd Mat Min Combat Hostiles Destroyed 12 | 1 9 2 Guns 12 | 1 9 2 Classes Destroyed 7 | 2 4 1 Worker 1 | 1 . . Hauler 1 | . 1 . Operator 1 | . 1 . Watcher 3 | . 3 . Swarmer 3 | . 3 . Grunt 7 | 1 6 . Assembled 2 | . . 2 Best Kill Streak 5 | 1 5 2 Combat Bots Only 3 | 1 3 2 Max Kills in Single Turn 1 | 1 1 1 Gunslinging . | . . . Exploded . | . . . Melee . | . . . Uniques/NPCs Destroyed . | . . . Combat | -11 -10 -10 -------- Run | Yrd Mat Min Hostile Shots Fired 61 | 4 40 17 Missed 18 | 2 14 2 Damage Taken 744 | 21 293 430 Core 264 | . 99 165 Absorbed by Shields . | . . . Regen/Repaired (Parts) 56 | . 56 . Core Remaining (%) 100 | 100 . . Volleys Fired 73 | 4 53 16 Largest 2 | 2 1 2 Hottest 90 | 90 45 80 Shots Fired 80 | 8 53 19 Gun 77 | 8 53 16 Cannon 3 | . . 3 Launcher . | . . . Special . | . . . Kinetic 24 | . 9 15 Thermal 4 | 4 . . Explosive . | . . . Electromagnetic 52 | 4 44 4 Robot Hit Streak 8 | 5 5 8 Robot Miss Streak 6 | 1 6 3 Penetration Max . | . . . Secondary Targets . | . . . Shots Hit Robots 46 | 7 28 11 Core Hits 23 | 3 16 4 Critical Kills . | . . . Critical Parts Destroyed . | . . . Critical Strikes 2 | 1 1 . Burn 1 | 1 . . Corrupt 1 | . 1 . Melee Attacks . | . . . Impact . | . . . Slashing . | . . . Piercing . | . . . Sneak Attacks . | . . . Combat Hostiles . | . . . Follow-up Attacks . | . . . Damage Inflicted 732 | 86 501 145 Guns 732 | 86 501 145 Cannons . | . . . Explosions . | . . . Melee . | . . . Ramming . | . . . Kinetic 150 | . 58 92 Thermal 50 | 50 . . Explosive . | . . . Electromagnetic 532 | 36 443 53 Impact . | . . . Slashing . | . . . Piercing . | . . . Highest Corruption . | . . . Average Corruption . | . . . Corruption Purged . | . . . Corruption Blocked . | . . . Overload Shots . | . . . Overflow Damage . | . . . Projectiles . | . . . Explosions . | . . . Melee . | . . . Knockbacks . | . . . Impact . | . . . Kinetic . | . . . Secondary . | . . . Self-Inflicted Damage . | . . . Shots . | . . . Rammed . | . . . Targets Rammed . | . . . Kicked . | . . . Crushed . | . . . Highest Temperature 124 | 102 124 72 Average Temperature 39 | 43 42 21 Received Heat Transfer 238 | 12 126 100 Siege Activations . | . . . Robots Corrupted . | . . . Combat Hostiles . | . . . Parts Fried 1 | . 1 . Impact Corruptions . | . . . Robots Melted . | . . . Combat Hostiles . | . . . Parts Melted 1 | 1 . . Heat Transferred 222 | 222 . . Parts Sabotaged . | . . . Parts Stolen . | . . . Parts Stripped . | . . . Power Chain Reactions . | . . . Alert | -11 -10 -10 ------- Run | Yrd Mat Min Peak Influence 283 | 25 283 61 Initial 61 | . 16 61 Average 120 | 6 157 58 Maximum Alert Level 1 | . 1 . Low Security (%) 74 | 100 62 100 Level 1 25 | . 37 . Level 2 . | . . . Level 3 . | . . . Level 4 . | . . . Level 5 . | . . . High Security . | . . . Max Security . | . . . Squads Dispatched 1 | . 1 . Investigation 1 | . 1 . Extermination . | . . . Reinforcement . | . . . Assault . | . . . Garrison . | . . . Intercept . | . . . Searches Triggered . | . . . Construction Impeded . | . . . Haulers Reinforced . | . . . Active Scanning Responses . | . . . Cargo Convoy Interrupts . | . . . Stealth | -11 -10 -10 --------- Run | Yrd Mat Min Distress Signals 2 | . 2 . Communications Jammed . | . . . Distress Signals . | . . . Times Spotted 30 | 1 17 12 Peak Tracking Total 6 | 1 4 6 Tactical Retreats 3 | . 1 2 Traps | -11 -10 -10 ------- Run | Yrd Mat Min Traps Triggered . | . . . Indirectly . | . . . Trap Hack Attempts . | . . . Triggered . | . . . Disarmed . | . . . Reprogrammed . | . . . Reused . | . . . Traps Extracted . | . . . Installed . | . . . Triggered . | . . . Machines | -11 -10 -10 ---------- Run | Yrd Mat Min Machines Disabled . | . . . Max in Single Turn . | . . . Machines Repaired . | . . . Machines Dismantled . | . . . Machines Sabotaged . | . . . Overloaded Fab Kills . | . . . Hacking | -11 -10 -10 --------- Run | Yrd Mat Min Machines Accessed 4 | . 4 . Terminals 1 | . 1 . Fabricators . | . . . Repair Stations 1 | . 1 . Recycling Units 2 | . 2 . Scanalyzers . | . . . Garrison Access . | . . . Total Hacks 11 | . 11 . Successful 6 | . 6 . Failed 5 | . 5 . Catastrophic . | . . . Database Lockouts . | . . . Manual 2 | . 2 . Terminals 2 | . 2 . Fabricators . | . . . Repair Stations 6 | . 6 . Recycling Units 3 | . 3 . Scanalyzers . | . . . Garrison Access . | . . . Terminal Hacks . | . . . Fabricator Hacks . | . . . Repair Station Hacks 5 | . 5 . Scan Component 3 | . 3 . Repair 2 | . 2 . Recycling Unit Hacks 1 | . 1 . Report Inventory 1 | . 1 . Scanalyzer . | . . . Garrison Access Hacks . | . . . Unauthorized Hacks . | . . . Terminals . | . . . Fabricators . | . . . Repair Stations . | . . . Recycling Units . | . . . Scanalyzers . | . . . Garrison Access . | . . . Data Cores Recovered 1 | . 1 . Used . | . . . Hacking Detections 3 | . 3 . Full Trace Events 1 | . 1 . Feedback Events . | . . . Feedback Blocked . | . . . Robot Schematics Acquired . | . . . Robots Built . | . . . Authchips . | . . . Time . | . . . Total Robot Build Rating . | . . . Part Schematics Acquired . | . . . Parts Built . | . . . Authchips . | . . . Time . | . . . Total Part Build Rating . | . . . Parts Repaired 2 | . 2 . Time 68 | . 68 . Parts Recycled . | . . . Recycled Matter . | . . . Retrieved Matter . | . . . Retrieved Components . | . . . Parts Scanalyzed . | . . . Part Schematics Acquired . | . . . Parts Damaged . | . . . Bothacking | -11 -10 -10 ------------ Run | Yrd Mat Min Used RIF Installer . | . . . Robots Hacked . | . . . Non-combat . | . . . Combat . | . . . Robot Hacks Applied . | . . . Relay Couplers Released . | . . . Fabnet Peak Effective % . | . . . Robots Rewired . | . . . Allies Hacked . | . . . Hacks Repelled . | . . . Allies | -11 -10 -10 -------- Run | Yrd Mat Min Total Allies . | . . . Largest Group . | . . . Highest-Rated Group . | . . . Highest-Rated Ally . | . . . Total Orders . | . . . Ally Attacks . | . . . Total Damage . | . . . Kills . | . . . Allies Corrupted . | . . . Allies Melted . | . . . Intel | -11 -10 -10 ------- Run | Yrd Mat Min Robot Analysis Total . | . . . Derelict Logs Recovered . | . . . Drone Launches . | . . . Drone Recoveries . | . . . Exploration | -11 -10 -10 ------------- Run | Yrd Mat Min Turns Passed 841 | 64 564 213 Spaces Moved 1035 | 55 836 144 Core 17 | 17 . . Treads . | . . . Legs . | . . . Wheels 58 | 38 20 . Hover . | . . . Flight 960 | . 816 144 Fastest Speed 37 | 50 37 37 Average Speed 39 | 70 38 37 Slowest Speed 115 | 80 115 37 Overloaded Moves . | . . . Propulsion Burnouts . | . . . Robots Hopped 2 | . 2 . Cave-ins Triggered . | . . . Exploration Rate (%) 39 | 6 97 16 Regions Visited 2 Branch Regions 1 Pre-discovered Areas . | . . . Known Exits Taken 1 | . 1 . Unknown Exits Taken 1 | 1 . . Scrap Searched . | . . . Spaces Dug . | . . . Terrain Destroyed 3 | . . 3 Melee . | . . . Projectile 3 | . . 3 AOE . | . . . Terrain Rammed . | . . . Walls Destroyed . | . . . Machines Disabled . | . . . Actions | -11 -10 -10 --------- Run | Yrd Mat Min Total 1384 | 71 1028 285 Wait 221 | . 101 120 Move 1029 | 54 831 144 Hop 2 | . 2 . Pick Up 22 | 6 15 1 Fast Attach 6 | . 6 . Attach 14 | 5 7 2 Detach . | . . . Swap 4 | 1 1 2 Drop 13 | 1 12 . Fire 73 | 4 53 16 Melee . | . . . Ram . | . . . Kick . | . . . Crush . | . . . Escape Stasis . | . . . Rewire . | . . . Trap . | . . . Miscellaneous . | . . . Route ------- -11/Scrapyard -10/Materials (discovered 4 exits: *Mat x3 / *Min) -10/Mines History --------- Turn | Location | Event 2 | -11/Scrapyard | Met Revision 17 42 | -11/Scrapyard | Discovered new exit (range 8) 65 | -11/Scrapyard | Entered Materials 225 | -10/Materials | Discovered new exit (range 15) 278 | -10/Materials | Identified exit to Mines 291 | -10/Materials | Discovered new exit (range 15) 296 | -10/Materials | Identified exit to Materials 316 | -10/Materials | Build established: Mutant 344 | -10/Materials | Repaired Broken Ion Engine 377 | -10/Materials | Repaired Hvy. EM Pulse Gun 436 | -10/Materials | Discovered exit to Materials (range 14) 569 | -10/Materials | Discovered exit to Materials (range 5) 629 | -10/Materials | Entered Mines 630 | -10/Mines | Assembled infested the area 635 | -10/Mines | Assisted by a Guerilla fighting off Assembled 650 | -10/Mines | Core integrity fell below 50% 841 | -10/Mines | Core integrity fell below 20% 842 | -10/Mines | Destroyed by D-53 Grenadier with Mini Grenade Launcher Last Messages --------------- try to find another way!" HV Slug penetrates Wall. as-33675 destroyed. HV Slug penetrates as-05867. as-09609 suffers critical hit (Destroy). as-09609 destroyed. as-69109 destroyed. as-05867 destroyed. Acquired 9 matter. Acquired 17 matter. Hvy. EM Pulse Gun destroyed. Destroyed Asb. F-torch. Acquired Bore Cannon. Acquired 16 matter. Acquired 9 matter. HV Slug penetrates Earth. The unstable cave ceiling collapses. Bore Cannon destroyed. The unstable cave ceiling collapses. [Achievement: First Step to Greatness] Map ----- +----------------------------------------------------+ | | | | | | | | | | | ????????????????????????????????? | | ????????????????????????????????? | | ????????????#############???????? | | ???????????## ##??????? | | ???????????# ##?????? | | ???????????# #?????? | | ???????????# ## #?????? | | ???????????# ### #?????? | | ???####????# #?##### #?????# | | ??## ##### #?????## ######## | | ??# #???????####?# | | ??# #????????????# #### | | ??# #######???????###### #??# | | ??# % ##????????????# #??? | | ??## ##?????????### ######??? | | ???## ##????????# #???????? | | ????## ##???????# ###???????? | | ???## ##????### #?????????? | | ???# #????# #?????????? | | ???# ###### ###?????????? | | ????# @ #???????????? | | ???# ########???????????? | | ???# #??????????????????? | | ???## #??????????????????? | | ????## ?????????????????? | | ?????# ###????????????????? | | ????? d # ??????????????????? | | ????? ?????????????????? | | ????## ????????????????? | | ?????# d ? ???????????????? | | ?????## %? #??????????????? | | ??????# # %? #??????????????? | | ??????#### # ?#??????????????? | | ?????????? # ????????????????? | | ??????????##? ?????????????????? | | ?????????????%??????????????????? | | ????????????????????????????????? | | ????????????????????????????????? | | ????????????????????????????????? | | ????????????????????????????????? | | ????????????????????????????????? | | ????????????????????????????????? | | ????????????????????????????????? | | ????????????????????????????????? | | ????????????????????????????????? | +----------------------------------------------------+ Best States ------------- Heat Dissipation 25 Energy Generation 10 Energy Capacity 250 Matter Stores 300 Matter Capacity 300 Sight Range 16 Robot Scan Range 14 Terrain Scan Range 14 Terrain Scan Density 10 ECM Strength 1 Evasion (%) 62 Offensive Hacking 10 Item Schematics ----------------- None Robot Schematics ------------------ None Fabricated ------------ Nothing Alien Tech Used ----------------- None Achievements -------------- First Step to Greatness Loot Pinata One Hack Too Far Part-time Mechanic Risk Taker Storm Trooper Challenges ------------ None Game ------ Seed BehemothQuantumPlatform Manual? 0 Play Time 00:25:37 Cumulative 0.8 hours Start 2024.04.13 @ 21:37:24 End 2024.04.13 @ 22:03:43 Sessions 1 Manual Loads 0 Difficulty Rogue Special Mode None Game No. 1 Rogue 1 Adventurer 0 Explorer 0 Win Type - Total 0 Types 0/0/0/0/0/0/0/0/0 Lore% 0 Gallery% 1 Achievement% 2 Wizard Run 0 Options --------- Layout 1 ASCII 0 Keyboard 0 Movement Mouse Keybinds 0 Fullscreen 1 Font 16/SmallcapsGlow Map View 50x54 Zoom Use 0% Tactical HUD 0 Map Filters NONE Filters NONE Steam 1 RUN: 06af3b8a-d6af-4b4a-8abf-15a80336be38